 Dungeon Crawl Stone Soup version 0.23.2-40-g277498a (webtiles) character file.

Game seed: 1672106329186460113

44 Aphrodieselac the Charmwright (level 3, -2/27 HPs)
             Began as a Merfolk Skald on Aug 25, 2019.
             Slain by an orc (4 damage)
             ... on level 3 of the Dungeon.
             The game lasted 00:06:29 (1272 turns).

Aphrodieselac the Charmwright (Merfolk Skald)       Turns: 1272, Time: 00:06:29

Health: -2/27      AC:  5    Str: 11    XL:     3   Next: 62%
Magic:  5/6        EV: 12    Int: 13    God:
Gold:   142        SH:  0    Dex: 13    Spells: 5/6 levels left

rFire    . . .     SeeInvis .   a - +0 spear
rCold    . . .     Gourm    .   (no shield)
rNeg     . . .     Faith    .   n - +1 leather armour {rPois}
rPois    +         Spirit   .   j - +0 helmet
rElec    .         Reflect  .   (no cloak)
rCorr    .         Harm     .   (no gloves)
MR       .....                  (no boots)
Stlth    ++........             (no amulet)
HPRegen  0.09/turn              e - ring of stealth
MPRegen  0.10/turn              (no ring)

@: infused
A: change form in water, swift swim, stealthy swim
a: no special abilities


You were on level 3 of the Dungeon.
You were not hungry.

You visited 1 branch of the dungeon, and saw 3 of its levels.

You collected 142 gold pieces.

Inventory:

Hand Weapons
 a - a +0 spear (weapon)
 b - a +0 hunting sling
Missiles
 q - 12 sling bullets
Armour
 j - a +0 helmet (worn)
 n - a +1 leather armour of poison resistance (worn)
 p - a +0 leather armour
Jewellery
 e - a ring of stealth (left hand)
Scrolls
 c - a scroll of identify {unknown}
 g - a scroll of immolation {unknown}
 h - 2 scrolls of enchant armour {unknown}
 i - a scroll of remove curse {unknown}
 k - a scroll of fear {unknown}
 o - a scroll of magic mapping {unknown}
Potions
 f - a potion of flight {unknown}
 l - a potion of curing {unknown}
 m - a potion of brilliance {unknown}
Comestibles
 d - 3 rations


   Skills:
 - Level 2.1 Fighting
 + Level 4.0 Polearms
 - Level 0.6 Armour
 - Level 2.6 Dodging
 - Level 2.0 Spellcasting
 * Level 4.5 Charms


You had 5 spell levels left.
You knew the following spells:

 Your Spells              Type           Power        Failure   Level  Hunger
a - Infusion              Chrm           ##..         5%          1    ##.....

Your spell library contained the following spells:

 Spells                   Type           Power        Failure   Level  Hunger
 Song of Slaying          Chrm           ##......     8%          2    ###....
 Shroud of Golubria       Chrm/Tloc      #.........   21%         2    ###....
 Regeneration             Chrm/Necr      #.........   36%         3    ####...
 Spectral Weapon          Hex/Chrm       #.......     36%         3    ####...


Dungeon Overview and Level Annotations

Branches:
Dungeon (3/15)

Altars:


Message History

* * * LOW HITPOINT WARNING * * *
Attack whom?
Press: ? - help, Dir - move target cursor, f/p - orc priest
Aim: an orc priest, wielding a +0 short sword and wearing a +0 scale mail You reach to attack!
You closely miss the orc priest.
Attack whom?
Press: ? - help, Dir - move target cursor, f/p - orc priest
Aim: an orc priest, wielding a +0 short sword and wearing a +0 scale mail You barely miss the orc priest.
The orc priest closely misses you.
You barely miss the orc priest.
You hit the orc priest but do no damage.
The orc priest hits you with a +0 short sword.
* * * LOW HITPOINT WARNING * * *
You hit the orc priest but do no damage.
The orc hits you but does no damage.
The orc priest hits you with a +0 short sword.
* * * LOW HITPOINT WARNING * * *
You hit the orc priest but do no damage.
The orc hits you.
You die...

##.....#......
#...>........
#.##...#.#.##...
#.............$.
####.#......(.#.
#.#...##.#.#
#.#.#....# #
#.#......#
#......@o#
#####.##o# #
#.##.#..o[
#......oo.
##########


You could see an orc priest and an orc.

Vanquished Creatures
  An ooze (D:3)
  A worm (D:2)
  2 dart slugs (D:1)
  3 bats
  A giant cockroach (D:1)
  2 goblins (D:2)
  4 hobgoblins
  3 jackals (D:1)
  4 kobolds
  2 quokkas
  A ball python (D:2)
  2 frilled lizards
  7 rats
33 creatures vanquished.

Vanquished Creatures (others)
  A bat (D:1)
1 creature vanquished.

Grand Total: 34 creatures vanquished

Notes
Turn   | Place    | Note
-------+----------+-------------------------------------------
     0 | D:1      | Aphrodieselac the Merfolk Skald began the quest for the
                  | Orb.
     0 | D:1      | Reached XP level 1. HP: 16/16 MP: 3/3
   304 | D:1      | Reached XP level 2. HP: 20/22 MP: 5/5
   683 | D:2      | Reached XP level 3. HP: 21/27 MP: 6/6
   888 | D:2      | Noticed an ogre
  1271 | D:3      | HP: 1/27 [orc priest/+0 short sword (2)]
  1272 | D:3      | Slain by an orc

Skill      XL: |  1  2  3 |
---------------+----------+-----
Charms         | 4 |  4.5
Polearms       | 4 |  4.0
Fighting       | |  2.1
Armour         | |  0.6
Dodging        | |  2.6
Spellcasting   | |  2.0

Action                   || total
-------------------------++-------
Melee: Spear             ||   107
 Fire: Hunting sling     ||     3
 Cast: Infusion          ||     4
 Stab: Sleeping          ||     2
  Eat: Chunk             ||     1
Armor: Leather armour    ||    29
Dodge: Dodged            ||    70
